 Dungeon Crawl Stone Soup version 0.29.1-13-g9f3cf754e1 (webtiles) character file.

Game seed: 4362830661206112440

312 shadowmeld the Magician (level 6, -5/45 HPs)
             Began as a Djinni Transmuter on Jan 31, 2023.
             Slain by a wight
             ... wielding a +0 dagger
              (7 damage)
             ... on level 4 of the Dungeon.
             The game lasted 00:21:36 (4815 turns).

shadowmeld the Magician (Djinni Transmuter)         Turns: 4815, Time: 00:21:36

Health: -5/45      AC:  2    Str:  9    XL:     6   Next: 71%
Gold:   234        EV: 21    Int: 16    God:
                   SH:  0    Dex: 19

rFire   . . .      SeeInvis .     - Unarmed
rCold   . . .      Faith    .   (shield currently unavailable)
rNeg    . . .      Spirit   .   (body armour currently unavailable)
rPois   ∞          Reflect  .   (helmet currently unavailable)
rElec   .          Harm     .   (cloak currently unavailable)
rCorr   .          Rampage  .   (gloves currently unavailable)
Will    +....                   (boots unavailable)
Stlth   ++........              (no amulet)
HPRegen 0.15/turn               c - ring of willpower
MPRegen 0.00/turn               o - ring of wizardry

@: spider-form (expiring), flying
A: venomous fangs, flying, sickness immunity, tiny, (fire resistance 2), (cold
vulnerability 1), float, innate caster, HP casting, extra vitality 1
a: End Transformation


You were on level 4 of the Dungeon.
You were a venomous arachnid creature.
You visited 1 branch of the dungeon, and saw 4 of its levels.

You collected 260 gold pieces.
You spent 26 gold pieces at shops.

Inventory:

Missiles
 b - a throwing net
Armour
 a - a +0 robe (melded)
 k - a +0 pair of gloves (melded)
Jewellery
 c - a ring of willpower (left front leg)
 o - a ring of wizardry (right front leg)
Wands
 s - a wand of iceblast (10) (quivered)
Scrolls
 d - 5 scrolls of teleportation {unknown}
 g - 2 scrolls of poison {unknown}
 h - a scroll of fear {unknown}
 l - a scroll of silence {unknown}
 n - a scroll of enchant weapon
 q - a scroll of brand weapon
 r - a scroll of amnesia
 t - 2 scrolls of noise {unknown}
 u - a scroll of summoning
Potions
 f - a potion of haste {unknown}
 i - a potion of curing
 m - 2 potions of brilliance {unknown}
 p - a potion of heal wounds {unknown}
 v - a potion of berserk rage {unknown}
 w - a potion of mutation {unknown}


   Skills:
 * Level 2.5 Fighting
 * Level 3.4 Dodging
 + Level 0.6 Stealth
 - Level 3.3 Unarmed Combat
 * Level 4.0 Spellcasting


You couldn't memorise any spells.
You knew the following spells:

 Your Spells              Type           Power      Damage    Failure   Level
a - Beastly Appendage     Tmut           32%        N/A       4%          1
b - Wereblood             Tmut           16%        N/A       6%          2
c - Spider Form           Tmut/Pois      16%        N/A       10%         3
d - Ice Form              Ice/Tmut       16%        N/A       26%         4
e - Sting                 Tmut/Pois      64%        1d6       4%          1
f - Searing Ray           Conj           32%        2d5       6%          2
Your spell library was empty.

Dungeon Overview and Level Annotations

Branches:
Dungeon (4/15)
 Temple: D:4-7

Altars:

Shops:
D:4 ?

Annotations:
D:3 exclusion: statue


Innate Abilities, Weirdness & Mutations

You are a venomous arachnid creature.
You have poisonous fangs.
You are tiny and dextrous.
You are flying.
Your spellcasting is less reliable in this form.
Your armour is entirely melded.
You are incapable of wielding weapons or throwing items.
You are immune to sickness and miasma.
You are immune to poison.
((Your flesh is very heat resistant. (rF++)))
((You are vulnerable to cold. (rC-)))
You float through the air rather than walking.
You learn spells naturally, not from books.
Your magical power is your life essence.
You have superior vitality. (+4 MHP)


Message History

The searing ray hits the wight.
The wight is severely damaged.
The searing ray misses the wight. x2
* * * LOW HITPOINT WARNING * * *
You finish channelling your searing ray.
The wight completely misses you. The wight misses you.
Casting: Searing Ray (safe; 6% risk of failure)
Confirm with . or Enter, or press ? or * to list all spells.
Aiming: Searing Ray (safe; 6% risk of failure)
Press: ? - help, Shift-Dir - straight line, f - wight, p - wight
Aim: a wight, wielding a +0 war axe and wearing a +2 robe of the Archmagi (78% to hit)
The searing ray hits the wight.
The wight is heavily damaged.
The searing ray misses the wight.
The searing ray hits the wight but does no damage.
The wight is severely damaged.
The searing ray hits the wight.
The wight is lightly damaged. (Press . to maintain the ray.)
* * * LOW HITPOINT WARNING * * *
The wight hits you with a +0 dagger.
* * * LOW HITPOINT WARNING * * *
Casting: Searing Ray (safe; 6% risk of failure)
Confirm with . or Enter, or press ? or * to list all spells.
Restarting spell: Searing Ray (safe; 6% risk of failure)
Press: ? - help, Shift-Dir - straight line, f/p - wight
Aim: a wight, wielding a +0 war axe and wearing a +2 robe of the Archmagi (lightly damaged, 78% to hit)
The searing ray hits the wight but does no damage.
The wight is heavily damaged.
The searing ray hits the wight.
The wight is almost destroyed.
The searing ray hits the wight!
You destroy the wight!
The searing ray hits the wight.
The wight is heavily damaged. (Press . to maintain the ray.)
* * * LOW HITPOINT WARNING * * *
The wight hits you with a +0 dagger!
You die...

##.......#
#.####### #..##
. #...# ..
.......#.#
...#########.###
....# #...#
#..#######.#
#.z)zzs...#
###########


You could see 3 wights.

Vanquished Creatures
  An ogre (D:3)
  2 wights (D:4)
  An iguana (D:4)
  4 gnolls (D:2)
  An adder (D:3)
  A white imp (D:3)
  5 dart slugs
  6 endoplasms
  6 giant cockroaches
  5 goblins
  6 hobgoblins
  7 jackals (D:1)
  9 kobolds
  5 quokkas
  5 ball pythons
  3 bats
  6 frilled lizards
  7 rats
80 creatures vanquished.

Vanquished Creatures (others)
  15 plants (D:3)
15 creatures vanquished.

Grand Total: 95 creatures vanquished

Notes
Turn   | Place    | Note
-------+----------+-------------------------------------------
     0 | D:1      | shadowmeld the Djinni Transmuter began the quest for the
                  | Orb.
     0 | D:1      | shadowmeld set off with the following spells memorised:
                  | Beastly Appendage, Wereblood, Spider Form, Ice Form.
     0 | D:1      | Reached XP level 1. HP: 17/17 MP: 0/0
   125 | D:1      | Reached XP level 2. HP: 11/22 MP: 0/0
   364 | D:1      | Found a faded altar of an unknown god.
   424 | D:1      | Reached skill level 2 in Spellcasting
   469 | D:1      | Reached XP level 3. HP: 4/27 MP: 0/0
   469 | D:1      | Learned a level 1 spell: Sting
  1953 | D:2      | Reached XP level 4. HP: 28/33 MP: 0/0
  2568 | D:2      | Reached XP level 5. HP: 19/38 MP: 0/0
  2568 | D:2      | Learned a level 2 spell: Searing Ray
  3991 | D:3      | Noticed a frost-covered statue
  4088 | D:3      | Reached skill level 3 in Spellcasting
  4409 | D:4      | Noticed an ogre
  4503 | D:3      | Killed an ogre
  4504 | D:3      | Reached XP level 6. HP: 45/45 MP: 0/0
  4779 | D:4      | Found Sibbod's Magic Scroll Shop.
  4784 | D:4      | Bought a scroll of identify for 26 gold pieces
  4804 | D:4      | Reached skill level 4 in Spellcasting
  4815 | D:4      | Slain by a wight

Illustrated notes

Levels and vault maps discovered:
D:1:      elethiomel_arrival_fortress_basement, layout_basic,
          shapermc_ecumenical_altar_mp_urbaneastern, minmay_tall_x
D:2:      layout_rooms
D:3:      wad_lake_hut, layout_basic, vehumet_statue, chequers_arboretum
D:4:      layout_rooms, serial_shops, shop, uniq_eustachio, uniq_natasha,
          uniq_blork_the_orc

Skill      XL: |  1  2  3  4  5  6 |
---------------+-------------------+-----
Spellcasting   | 2 3 4 |  4.0
Dodging        | 3 |  3.4
Fighting       | 2 |  2.5
Stealth        | |  0.6
Unarmed Combat | |  3.3

Action                   |  1- 3 |  4- 6 || total
-------------------------+-------+-------++-------
Melee: Unarmed           |   105 |    23 ||   128
       Headbutt          |    12 |     1 ||    13
       Punch             |     2 |     1 ||     3
 Cast: Beastly Appendage |     9 |     3 ||    12
       Sting             |    32 |    43 ||    75
       Searing Ray       |       |    38 ||    38
       Spider Form       |       |     2 ||     2
  Use: Potion            |       |     2 ||     2
       Scroll            |       |     4 ||     4
Armor: Robe              |    16 |    12 ||    28
       Skin              |       |    13 ||    13
Dodge: Dodged            |    72 |    42 ||   114
